 Dungeon Crawl Stone Soup version 0.21.1-1-g345015fe64 (webtiles) character file.

4555 skydrei the Basher (level 10, 0/51 HPs)
             Began as a Vine Stalker Fighter on June 10, 2018.
             Was an Elder of Elyvilon.
             Splashed by a brown ugly thing's acid (5 damage)
             ... on level 10 of the Dungeon on June 15, 2018.
             The game lasted 00:56:03 (7439 turns).

skydrei the Basher (Vine Stalker Fighter)           Turns: 7439, Time: 00:56:06

Health: 0/51       AC: 23    Str: 23    XL:     10   Next: 40%
Magic:  0/11       EV: 10    Int:  8    God:    Elyvilon [****..]
Gold:   579        SH: 11    Dex: 13    Spells: 9/9 levels left

rFire    + . .     SeeInvis +   s - +1 flail (protect)
rCold    . . .     Gourm    .   b - +0 shield
rNeg     . . .     Faith    .   t - +2 scale mail {rF+}
rPois    .         Spirit   +   (no helmet)
rElec    .         Reflect  .   x - +2 cloak {MR+}
rCorr    .         Harm     .   (no gloves)
MR       ++...                  m - +2 pair of boots
Stlth    ..........             (no amulet)
HPRegen  0.57/turn              M - +4 ring of protection
MPRegen  0.12/turn              J - ring of see invisible

@: corroded, protection aura
A: fangs 3, regeneration 1, magic shield, antimagic bite, no potion heal 3, rot
immunity
a: Lesser Healing, Heal Other, Purification, Greater Healing, Divine Protection,
Renounce Religion


You were on level 10 of the Dungeon.
You worshipped Elyvilon.
Elyvilon was greatly pleased with you.
You were not hungry.

You visited 1 branch of the dungeon, and saw 11 of its levels.

You collected 579 gold pieces.

Inventory:

Hand Weapons
 s - a +1 flail of protection (weapon)
 C - the +10 hand crossbow of Abomination {penet, Str+2, unknown}
   (You found it on level 4 of the Dungeon)

   Ammo fired by it will pass through the targets it hits, potentially hitting
   all targets in its path until it reaches maximum range.
   It affects your strength (+2).
 F - a +2 rapier of venom
 N - a +2 dire flail
Missiles
 e - 315 stones (quivered)
Armour
 b - a +0 shield (worn)
 k - a cursed +0 helmet
 m - a +2 pair of boots (worn)
 t - a +2 scale mail of fire resistance (worn)
 x - a +2 cloak of magic resistance (worn)
Jewellery
 i - an uncursed ring of wizardry
 J - a ring of see invisible (right hand)
 M - a +4 ring of protection (left hand)
Wands
 w - a wand of acid (3)
 D - a wand of digging (15)
 K - a wand of flame (125)
Scrolls
 f - 2 scrolls of identify
 h - 6 scrolls of teleportation
 j - a scroll of enchant armour
 n - a scroll of summoning {unknown}
 o - 5 scrolls of remove curse
 q - 4 scrolls of amnesia
 G - 2 scrolls of fear {unknown}
 H - a scroll of immolation {unknown}
Potions
 c - 4 potions of might
 g - 6 potions of curing
 p - 2 potions of flight {unknown}
 r - a potion of mutation {unknown}
 u - a potion of magic {unknown}
 v - 2 potions of heal wounds {unknown}
 z - a potion of haste {unknown}
 E - a potion of agility {unknown}
 I - a potion of brilliance {unknown}
 L - a potion of cancellation {unknown}
 O - a potion of berserk rage {unknown}
Books
 a - a book of Callings

   Spells                             Type                      Level
   a - Summon Small Mammal            Summoning                    1
   b - Call Imp                       Summoning                    2
   c - Call Canine Familiar           Summoning                    3
   d - Summon Guardian Golem          Hexes/Summoning              3
   e - Summon Lightning Spire         Summoning/Air                4
   f - Summon Ice Beast               Ice/Summoning                4
 l - a book of Minor Magic

   Spells                             Type                      Level
   a - Magic Dart                     Conjuration                  1
   b - Blink                          Translocation                2
   c - Call Imp                       Summoning                    2
   d - Slow                           Hexes                        2
   e - Conjure Flame                  Conjuration/Fire             3
   f - Mephitic Cloud                 Conjuration/Poison/Air       3
Comestibles
 d - 6 rations


   Skills:
 + Level 5.2 Fighting
 + Level 8.5 Maces & Flails
 + Level 5.5 Armour
 + Level 3.8 Dodging
 + Level 1.6 Stealth
 + Level 6.9 Shields
 + Level 2.2 Unarmed Combat


You had 9 spell levels left.
You didn't know any spells.

Dungeon Overview and Level Annotations

Branches:
Dungeon (11/15)            Temple (0/1) D:5
   Lair: D:8-11         Orc: D:9-12

Altars:
Dithmenos
Elyvilon
Fedhas
Hepliaklqana
Okawaru
Sif Muna
Vehumet
Yredelemnul
Zin
Beogh


Innate Abilities, Weirdness & Mutations

You have razor-sharp teeth.
Your natural rate of healing is unusually fast.
When hurt, damage is shared between your health and your magic reserves.
Your bite disrupts and absorbs the magic of your enemies.
Potions cannot restore your health.
You are immune to rotting.


Message History

You hit the two-headed ogre. You bite the two-headed ogre. You drain its power.
You feel invigorated.
The two-headed ogre is heavily wounded.
The brown ugly thing closely misses you.
You hit the two-headed ogre.
You bite the two-headed ogre, but do no damage.
The two-headed ogre is heavily wounded.
The two-headed ogre barely misses you. The two-headed ogre closely misses you.
The brown ugly thing headbutts you but does no damage.
Your shield and scale mail prevent you from hitting the two-headed ogre.
The two-headed ogre is heavily wounded.
You block the brown ugly thing's attack.
The two-headed ogre barely misses you. The two-headed ogre closely misses you.
You hit the two-headed ogre.
You bite the two-headed ogre, but do no damage.
The two-headed ogre is severely wounded.
The brown ugly thing headbutts you!
* * * LOW HITPOINT WARNING * * *
You are splashed with acid!
The acid burns!
You die...

#############
#...#.......#
###...#.......####
..'.....>......u@#####
###.............O....#
#..................#
####...............#
#.................#
#.................#
#.#####.#.........#
#.# #.#.........# #.#
#+#.........#


You could see a brown ugly thing and a two-headed ogre.

Vanquished Creatures
  An unseen horror (D:10)
  Grinder (D:3)
  Sigmund (D:4)
  Eustachio (D:4)
  Edmund (D:4)
  A water moccasin (D:8)
  2 phantoms
  An orc warrior (D:8)
  An ice beast (D:8)
  A sky beast (D:10)
  7 ogres
  5 centaurs
  A big kobold (D:10)
  2 bullfrogs (D:8)
  A scorpion (D:4)
  6 wights
  A howler monkey (D:4)
  2 crimson imps
  A quasit (D:8)
  2 centaur zombies
  A jelly (D:5)
  3 orc priests
  2 hounds (D:5)
  4 orc wizards
  A bullfrog skeleton (D:5)
  2 centaur skeletons
  3 iguanas
  Ijyb (D:5)
  3 worker ants
  A killer bee zombie (D:7)
  A hound skeleton (D:6)
  2 howler monkey zombies
  A worker ant zombie (D:5)
  7 gnolls
  6 adders
  2 adder skeletons (D:4)
  A worm (D:4)
  2 dart slugs
  7 leopard geckos
  33 orcs
  4 ball pythons
  6 bats
  7 giant cockroaches
  8 goblins
  13 hobgoblins
  6 jackals
  13 kobolds
  4 quokkas
  5 frilled lizards
  A jackal zombie (D:6)
  5 rats
  2 fungi
  A plant (D:8)
197 creatures vanquished.

Vanquished Creatures (others)
  2 fungi
2 creatures vanquished.

Grand Total: 199 creatures vanquished

Notes
Turn   | Place    | Note
-------+----------+-------------------------------------------
     0 | D:1      | skydrei the Vine Stalker Fighter began the quest for the Orb.
     0 | D:1      | Reached XP level 1. HP: 11/11 MP: 2/2
   334 | D:1      | Reached XP level 2. HP: 13/16 MP: 3/3
  1274 | D:2      | Reached skill level 1 in Maces & Flails
  1274 | D:2      | Reached XP level 3. HP: 9/20 MP: 2/4
  1669 | D:2      | Found a white marble altar of Elyvilon.
  1684 | D:2      | Became a worshipper of Elyvilon the Healer
  2276 | D:2      | Found a glowing silver altar of Zin.
  2276 | D:2      | Noticed an angel
  2342 | D:3      | HP: 1/20 [gnoll (3)]
  2349 | D:2      | Gained mutation: Your natural rate of healing is unusually fast. [Vine Stalker growth]
  2349 | D:2      | Reached XP level 4. HP: 1/24 MP: 0/5
  2610 | D:3      | Reached XP level 5. HP: 28/28 MP: 6/6
  2619 | D:3      | Reached skill level 2 in Maces & Flails
  2682 | D:3      | Reached * piety under Elyvilon
  3106 | D:3      | Noticed Grinder
  3113 | D:3      | Paralysed by Grinder for 7 turns
  3154 | D:3      | Killed Grinder
  3154 | D:3      | Reached skill level 1 in Dodging
  3154 | D:3      | Reached XP level 6. HP: 13/33 MP: 7/7
  3512 | D:4      | Noticed Edmund
  3548 | D:4      | Killed Edmund
  3548 | D:4      | Reached skill level 3 in Maces & Flails
  3548 | D:4      | Reached XP level 7. HP: 5/37 MP: 3/8
  3997 | D:4      | Elyvilon protects you from harm!
  4188 | D:4      | Got an encrusted hand crossbow
  4214 | D:4      | Noticed Sigmund
  4226 | D:4      | Killed Sigmund
  4226 | D:4      | Reached skill level 4 in Maces & Flails
  4226 | D:4      | Gained mutation: You have razor-sharp teeth. [Vine Stalker growth]
  4226 | D:4      | Reached XP level 8. HP: 40/42 MP: 9/9
  4249 | D:4      | Reached ** piety under Elyvilon
  4332 | D:4      | Noticed Eustachio
  4353 | D:4      | Killed Eustachio
  4604 | D:5      | Entered Level 5 of the Dungeon
  4627 | D:5      | Found a staircase to the Ecumenical Temple.
  4668 | D:5      | Reached skill level 5 in Maces & Flails
  4673 | D:5      | Found an iron altar of Okawaru.
  4836 | D:5      | Noticed Ijyb
  4848 | D:5      | Killed Ijyb
  5049 | D:5      | Found a shadowy altar of Dithmenos.
  5158 | D:6      | Reached skill level 1 in Stealth
  5165 | D:6      | Reached skill level 6 in Maces & Flails
  5178 | D:6      | Reached skill level 5 in Shields
  5353 | D:6      | Reached XP level 9. HP: 46/46 MP: 10/10
  5354 | D:6      | Found a radiant altar of Vehumet.
  5453 | D:6      | Reached *** piety under Elyvilon
  5898 | D:7      | Reached skill level 7 in Maces & Flails
  5958 | D:7      | Found a basalt altar of Yredelemnul.
  5958 | D:7      | Found a deep blue altar of Sif Muna.
  5961 | D:7      | Found a hazy altar of Hepliaklqana.
  6110 | D:8      | Reached **** piety under Elyvilon
  6157 | D:8      | Found a blossoming altar of Fedhas.
  6244 | D:8      | Reached skill level 5 in Armour
  6464 | D:8      | Reached skill level 5 in Fighting
  6482 | D:8      | Found a roughly hewn altar of Beogh.
  6877 | D:8      | Reached XP level 10. HP: 51/51 MP: 11/11
  7197 | D:10     | Entered Level 10 of the Dungeon
  7233 | D:10     | Reached skill level 8 in Maces & Flails
  7318 | D:10     | Noticed an unseen horror
  7348 | D:10     | Killed an unseen horror
  7425 | D:11     | Noticed a two-headed ogre
  7425 | D:11     | Noticed a brown ugly thing
  7439 | D:10     | Splashed by a brown ugly thing's acid

Skill      XL: |  1  2  3  4  5  6  7  8  9 10 |
---------------+-------------------------------+-----
Fighting       | 3 4 5 |  5.2
Maces & Flails | 1 2 3 4 6 7 8 |  8.5
Shields        | 3 4 5 6 |  6.9
Armour         | 3 4 5 |  5.5
Dodging        | 1 2 3 |  3.8
Stealth        | 1 |  1.6
Unarmed Combat | |  2.2

Action                   |  1- 3 |  4- 6 |  7- 9 | 10-12 || total
-------------------------+-------+-------+-------+-------++-------
Melee: Unarmed           |    18 |       |       |       ||    18
       Mace              |   111 |   131 |       |       ||   242
       Bite              |    33 |    52 |   134 |    33 ||   252
       Flail             |       |       |   416 |    75 ||   491
  Use: Scroll            |     1 |     4 |     4 |       ||     9
       Potion            |       |       |     1 |       ||     1
  Eat: Chunk             |     4 |       |     5 |       ||     9
       Ration            |       |     1 |     2 |     1 ||     4
Armor: Scale mail        |    59 |    59 |   202 |    27 ||   347
Dodge: Dodged            |    41 |    45 |   143 |    24 ||   253
Block: Shield            |    76 |    73 |   229 |    44 ||   422
